 Dungeon Sprint DCSS version 0.27-a0-906-g0a00ce863d (webtiles) character file.

Game seed: 10589000453902290782

3293465 rocky1 the Petrodigitator (level 26, 242/242 HPs)
             Began as a Formicid Earth Elementalist on Apr 7, 2021.
             Was the Champion of Cheibriados.
             Escaped with the Orb
             ... and 3 runes!
             The game lasted 02:40:14 (22209 turns).

rocky1 the Petrodigitator (FoEE)                   Turns: 22209, Time: 02:40:15

Health: 242/242    AC: 39    Str: 29    XL:     26   Next: 16%
Magic:  54/54      EV: 29    Int: 44    God:    Cheibriados [******]
Gold:   421        SH: 34    Dex: 23    Spells: 35/79 levels left

rFire    + + +     SeeInvis +   a - +9 double sword (holy)
rCold    + + +     Faith    .   E - +6 tower shield
rNeg     + + +     Spirit   .   B - +7 chain mail of Ymukk {rF+ Will+}
rPois    +         Reflect  .   (helmet unavailable)
rElec    +         Harm     .   C - +4 dragonskin cloak
rCorr    +         Rampage  .   H - +2 pair of gloves of the Sun {rPois rC+++ Will++ Str-2}
Will     +++++                  w - +2 pair of boots
Stlth    +++.......             S - amulet "Lithi" {RegenMP Fly rElec Dex+5}
HPRegen  0.50/turn              K - ring of Recklessness {rPois rF++ Str+6 Int+4 Dex-5}
MPRegen  0.59/turn              P - ring of Assoutt {rPois rN+++ rCorr Str-5 Dex-3}

@: flying, studying 3 skills, very slow
A: permanent stasis, dig shafts and tunnels, antennae 3, four strong arms,
mutation resistance 1, MP-powered wands
0: Orb of Zot
}: 3/3 runes: silver, golden, iron
a: Dig, Renounce Religion, Bend Time, Temporal Distortion, Slouch, Step From
Time


You escaped.
You worshipped Cheibriados.
Cheibriados was exalted by your worship.
You visited 1 branch You collected 421 gold pieces.

Inventory:

Hand Weapons
 a - a +9 double sword of holy wrath (weapon)
 c - the +4 staff of Dispater
   (You took it off Dispater in the Dungeon)
 k - a +9 sacred scourge of holy wrath
 l - a +5 executioner's axe of pain
 r - the +9 staff of Olgreb {rPois∞}
   (You took it off a skeletal warrior in the Dungeon)

   It may poison the flesh of those it strikes, and is more effective with a
   high Evocations skill.
   It enhances your poison magic.
   It grants immunity to poison.
   It can be evoked to poison those around you for a time.
 G - the +5 triple sword "Koarucuk" {flame, rN+ Str+6 Stlth+}
   (You found it in the Dungeon)

   It has been specially enchanted to burn those struck by it, causing extra
   injury to most foes and up to half again as much damage against particularly
   susceptible opponents.
   Big, fiery blades are also staple armaments of hydra-hunters.
   It affects your strength (+6).
   It protects you from negative energy.
   It makes you more stealthy.
 M - the +7 lajatang of Onwucit {holy, rN+ Str+2}
   (You found it in the Dungeon)

   It has been blessed by the Shining One to cause great damage to the undead
   and demons.
   It affects your strength (+2).
   It protects you from negative energy.
 N - a +9 eudemon blade of holy wrath
 W - a +11 spectral demon blade
Missiles
 t - 147 stones
Armour
 w - a +2 pair of boots (worn)
 B - the +7 chain mail of Ymukk (worn) {rF+ Will+}
   (You took it off an orc in the Dungeon)

   It protects you from fire.
   It increases your willpower.
 C - the +4 dragonskin cloak (worn)
   (You took it off Tiamat in the Dungeon)
 E - a +6 tower shield (worn)
 H - the +2 pair of gloves of the Sun (worn) {rPois rC+++ Will++ Str-2}
   (You found it in the Dungeon)

   It affects your strength (-2).
   It renders you almost immune to cold.
   It protects you from poison.
   It greatly increases your willpower.
Magical Staves
 b - a staff of earth
Jewellery
 K - the ring of Recklessness (left hand) {rPois rF++ Str+6 Int+4 Dex-5}
   (You found it in the Dungeon)

   [ring of strength]

   It affects your strength (+6).
   It affects your intelligence (+4).
   It affects your dexterity (-5).
   It greatly protects you from fire.
   It protects you from poison.
 P - the ring of Assoutt (right hand) {rPois rN+++ rCorr Str-5 Dex-3}
   (You found it in the Dungeon)

   [ring of resist corrosion]

   It affects your strength (-5).
   It affects your dexterity (-3).
   It protects you from poison.
   It renders you almost immune to negative energy.
   It protects you from acid and corrosion.
 S - the amulet "Lithi" (around neck) {RegenMP Fly rElec Dex+5}
   (You found it in the Dungeon)

   [amulet of magic regeneration]

   It increases your rate of magic regeneration.
   It affects your dexterity (+5).
   It insulates you from electricity.
   It grants you flight.
 Z - the ring "Mosie" {rC+ rN++ MP+9 Str-4 Slay+4}
   (You found it in the Dungeon)

   [ring of protection from cold]

   It affects your strength (-4).
   It affects your accuracy and damage with ranged weapons and melee attacks
   (+4).
   It protects you from cold.
   It greatly protects you from negative energy.
   It affects your magic capacity (+9).
Wands
 f - a wand of acid (7)
Scrolls
 g - 3 scrolls of amnesia
 h - a scroll of summoning
 i - 8 scrolls of identify
 s - 3 scrolls of fear
 u - 2 scrolls of immolation
 F - 2 scrolls of magic mapping
Potions
 d - 12 potions of curing
 e - a potion of heal wounds
 j - 4 potions of brilliance
 q - a potion of magic
 A - a potion of invisibility
 D - a potion of mutation
 L - 4 potions of flight
 T - a potion of lignification
 X - a potion of cancellation
Miscellaneous
 x - a condenser vane
 y - a phial of floods
 z - a phantom mirror
 Y - a lightning rod (4/4)


   Skills:
 O Level 27 Fighting
 O Level 27 Long Blades
 + Level 22.3 Staves
 O Level 27 Armour
 O Level 27 Dodging
 O Level 27 Stealth
 O Level 27 Shields
 O Level 27 Spellcasting
 O Level 27 Conjurations
 O Level 27 Summonings
 O Level 27 Translocations
 - Level 1.3 Transmutations
 O Level 27 Earth Magic
 - Level 13.0 Invocations
 O Level 27 Evocations


You had 35 spell levels left.
You knew the following spells:

 Your Spells              Type           Power      Damage    Failure   Level
a - Shadow Creatures      Summ           N/A        N/A       0%          6
b - Manifold Assault      Tloc           100%       N/A       0%          5
c - Lee's Rapid Deconstr  Erth           69%        3d32*     0%          5
e - Iron Shot             Conj/Erth      69%        9d13      0%          6
f - Orb of Destruction    Conj           69%        9d18      0%          7
g - Statue Form           Tmut/Erth      74%        N/A       1%          6
h - Dragon's Call         Summ           69%        N/A       1%          9

Your spell library contained the following spells:

 Spells                   Type           Power      Damage    Failure   Level
 Apportation              Tloc           100%       N/A       0%          1
 Foxfire                  Conj/Fire      100%       2x1d9     0%          1
 Magic Dart               Conj           100%       1d8       0%          1
 Sandblast                Erth           100%       2d20      0%          1
 Summon Small Mammal      Summ           100%       N/A       0%          1
 Call Imp                 Summ           100%       N/A       0%          2
 Passwall                 Tmut/Erth      92%        N/A       0%          2
 Searing Ray              Conj           100%       3d7       0%          2
 Call Canine Familiar     Summ           100%       N/A       0%          3
 Dazzling Flash           Conj/Hex       100%       N/A       0%          3
 Gell's Gravitas          Tloc           69%        N/A       0%          3
 Lesser Beckoning         Tloc           69%        N/A       0%          3
 Static Discharge         Conj/Air       100%       N/A       0%          3
 Stone Arrow              Conj/Erth      100%       3d13      0%          3
 Summon Guardian Golem    Hex/Summ       100%       N/A       0%          3
 Teleport Other           Tloc           100%       N/A       0%          3
 Animate Armour           Summ/Erth      100%       N/A       0%          4
 Iskenderun's Mystic Bla  Conj/Tloc      100%       2d19      0%          4
 Petrify                  Tmut/Erth      100%       N/A       0%          4
 Bolt of Magma            Conj/Fire/Erth 60%        4d24      0%          5
 Iskenderun's Battlesphe  Conj           100%       2d15      0%          5
 Summon Forest            Summ/Tloc      69%        N/A       0%          5
 Spellforged Servitor     Conj/Summ      69%        N/A       0%          7
 Summon Hydra             Summ           69%        N/A       0%          7
 Animate Skeleton         Necr           100%       N/A       1%          1
 Beastly Appendage        Tmut           100%       N/A       1%          1
 Corona                   Hex            62%        N/A       1%          1
 Sting                    Tmut/Pois      100%       1d8       1%          1
 Corpse Rot               Necr/Air       N/A        N/A       1%          2
 Ensorcelled Hibernation  Hex/Ice        100%       N/A       1%          2
 Poisonous Vapours        Pois/Air       100%       N/A       1%          2
 Sublimation of Blood     Necr           28%        N/A       1%          2
 Wereblood                Tmut           63%        N/A       1%          2
 Confusing Touch          Hex            56%        N/A       1%          3
 Ignite Poison            Fire/Tmut/Pois 59%        N/A       1%          3
 Mephitic Cloud           Conj/Pois/Air  95%        N/A       1%          3
 Spider Form              Tmut/Pois      30%        N/A       1%          3
 Tukima's Dance           Hex            56%        N/A       1%          3
 Fulminant Prism          Conj/Hex       54%        3d23      1%          4
 Hailstorm                Conj/Ice       100%       3d20      1%          4
 Leda's Liquefaction      Hex/Erth       54%        N/A       1%          4
 Summon Ice Beast         Ice/Summ       100%       N/A       1%          4
 Summon Lightning Spire   Summ/Air       100%       N/A       1%          4
 Borgnjor's Vile Clutch   Necr/Erth      54%        N/A       1%          5
 Fireball                 Conj/Fire      54%        3d21      1%          5
 Summon Mana Viper        Hex/Summ       100%       N/A       1%          5
 Conjure Ball Lightning   Conj/Air       54%        3x3d20    1%          6
 Freezing Cloud           Conj/Ice/Air   47%        6-21      1%          6
 Starburst                Conj/Fire      54%        8x6d15    1%          6
 Ice Form                 Ice/Tmut       60%        N/A       3%          4
 Animate Dead             Necr           28%        N/A       4%          4
 Cause Fear               Hex            28%        N/A       4%          4
 Dispel Undead            Necr           56%        3d20      4%          4
 Olgreb's Toxic Radiance  Pois           56%        N/A       4%          4
 Hydra Form               Tmut           31%        N/A       8%          5
 Alistair's Intoxication  Tmut/Pois      40%        N/A       10%         5
 Agony                    Necr           56%        N/A       13%         5
 Excruciating Wounds      Necr           28%        N/A       13%         5
 Metabolic Englaciation   Hex/Ice        28%        N/A       13%         5
 Eringya's Noxious Bog    Tmut/Pois      30%        N/A       50%         6
 Death Channel            Necr           28%        N/A       58%         6
 Invisibility             Hex            56%        N/A       58%         6
 Simulacrum               Ice/Necr       28%        N/A       58%         6
 Dragon Form              Tmut           31%        N/A       93%         7
 Ozocubu's Refrigeration  Ice            28%        4d10      99%         7
 Ignition                 Fire           28%        3d9       100%        8
 Blink                    Tloc           Unusable   N/A       N/A         2

Dungeon Overview and Level Annotations

Branches:
Dungeon (1/1)

Altars:
Ashenzari
Cheibriados
Dithmenos
Elyvilon
Fedhas
Gozag
Hepliaklqana
Kikubaaqudgha
Makhleb
Nemelex Xobeh
Okawaru
Qazlal
Ru
Sif Muna
Trog
Uskayaw
Vehumet
Wu Jian
Xom
Yredelemnul
Zin
The Shining One
Beogh
Jiyva
Lugonu


Innate Abilities, Weirdness & Mutations

You cannot be hasted, slowed, berserked, paralysed or teleported.
You can dig through walls and to a lower floor.
You have a pair of large antennae on your head. (SInv)
Your four strong arms can wield two-handed weapons with a shield.
You are somewhat resistant to further mutation.
You expend magic power (3 MP) to strengthen your wands.


Message History

a +2 whip of holy wrath; a +0 robe
There is an open door here.
There is an open door here.
You see here a +0 trident.
There is an open door to the Storerooms (Easy) here.
A tormentor comes into view.
An Orb Guardian comes into view.
You block the Orb Guardian's attack. The Orb Guardian hits you.
You block the Orb Guardian's attack. You block the tormentor's attack.
The tormentor completely misses you. You block the Orb Guardian's attack.
The tormentor completely misses you.
You riposte.
You slice the tormentor!!
The tormentor convulses!!
You kill the tormentor!
Cheibriados thoroughly appreciates the change of pace.
You block the Orb Guardian's attack.
Okay, then.
You block the Orb Guardian's attack.
The Orb Guardian hits you but does no damage.
You block the Orb Guardian's attack. You block the Orb Guardian's attack. x2
You miss the Orb Guardian. You block the Orb Guardian's attack.
Your chain mail of Ymukk prevents you from hitting the Orb Guardian.
You block the Orb Guardian's attack.
You slash the Orb Guardian!
The Orb Guardian is lightly wounded.
You block the Orb Guardian's attack.
You open the Orb Guardian like a pillowcase!!!
The Orb Guardian is almost dead.
You block the Orb Guardian's attack.
You carve the Orb Guardian like a ham!!!
You kill the Orb Guardian!
Cheibriados thoroughly appreciates the change of pace.
Your Staves skill increases to level 22!
There is an open door to the Entrance Hall (Safe) here.
Things that are here:
a +2 whip of holy wrath; a +0 robe
There is a staircase leading out of the dungeon, spattered with blood here.
There are no items here.
You can't go down here!
You have escaped!

##########)##................''..
#......)....'................''..
#'#####'#####....[.#..#......##..
#.#...#.#..##).).)...........##..
#.#...#.#))#####'#####''#########
#.#...'.#))##.......##''# ######
#.##'####))##.......##..# *#.....
#.#.....#[[##...))..##..#*#..#'#.
#.#.....#'###...@)..##..##).##.##
#.#........##...)...##.[##.##...#
#.#........##.......##.)####.....
#'###########.......##..)##......
#..#.#.##..###########....'......
#..))...#.############...##......
##)#.#.##.#.)..#...[##..####.....
#.......#'#....#!.[.##..##.##...#
##.#.#.##.'....'..))##..##..##)##


There were no monsters in sight!

Vanquished Creatures
  Antaeus (D)
  Dissolution (D)
  the Royal Jelly (D)
  Ignacio (D)
  Gloorx Vloq (D)
  Tiamat (D)
  Dispater (D)
  An orb of fire (D)
  Mennas (D)
  13 ancient liches (D)
  7 pandemonium lords (D)
  5 royal mummies (D)
  Margery (D)
  3 Killer Klowns (D)
  the Lernaean hydra (D)
  Frederick (D)
  Saint Roka (D)
  Xtahua (D)
  Nikola (D)
  2 profane servitors (D)
  A golden dragon (D)
  3 pearl dragons (D)
  8 bone dragons (D)
  Jory (D)
  5 Brimstone Fiends (D)
  4 Tzitzimimeh (D)
  4 electric golems (D)
  4 hellephants (D)
  A Hell Sentinel (D)
  2 tentacled monstrosities (D)
  28 Orb Guardians (D)
  2 Ice Fiends (D)
  14 liches (D)
  2 deep elf blademasters (D)
  5 deep elf master archers (D)
  A quicksilver dragon (D)
  An Executioner (D)
  10 acid blobs (D)
  6 titans (D)
  Murray (D)
  3 death cobs (D)
  5 shadow dragons (D)
  2 nagarajas (D)
  A nameless horror (D)
  4 ghost moths (D)
  8 daevas (D)
  2 fire giants (D)
  A frost giant (D)
  6 azure jellies (D)
  8 rockslimes (D)
  3 orc warlords (D)
  6 deep elf sorcerers (D)
  A draconian knight (D)
  8 cacodemons (D)
  2 iron dragons (D)
  Aizul (D)
  Louise (D)
  5 ghouls (D)
  2 draconian scorchers (D)
  2 draconian shifters (D)
  2 emperor scorpions (D)
  A reaper (D)
  3 draconian annihilators (D)
  3 angels (D)
  5 balrugs (D)
  2 draconian stormcallers (D)
  A war gargoyle (D)
  An ophan (D)
  A quicksilver ooze (D)
  2 spriggan defenders (D)
  A blood saint (D)
  3 apis (D)
  A deep elf demonologist (D)
  4 vampire knights (D)
  5 red draconians (D)
  5 black draconians (D)
  11 dire elephants (D)
  2 deep elf annihilators (D)
  A yellow draconian (D)
  A lorocyproca (D)
  A purple draconian (D)
  3 white draconians (D)
  2 eidola (D)
  A blizzard demon (D)
  5 green deaths (D)
  2 mummy priests (D)
  6 deep elf death magi (D)
  A merfolk javelineer (D)
  4 fire dragons (D)
  An ettin (D)
  A great orb of eyes (D)
  2 yaktaur captains (D)
  A deep elf high priest (D)
  2 ice dragons (D)
  A spriggan air mage (D)
  3 hell beasts (D)
  3 vault guards (D)
  A rakshasa (D)
  A boulder beetle (D)
  4 naga warriors (D)
  A centaur warrior (D)
  3 ogre magi (D)
  2 death knights (D)
  4 catoblepae (D)
  A merfolk avatar (D)
  An alligator snapping turtle (D)
  6 hydras (D)
  5 two-headed ogres (D)
  4 hell hogs (D)
  A death yak (D)
  A deep troll shaman (D)
  A vampire mage (D)
  A spriggan berserker (D)
  3 deep elf knights (D)
  3 sun demons (D)
  A soul eater (D)
  3 sixfirhies (D)
  A shadow wraith (D)
  2 iron trolls (D)
  A fire crab (D)
  12 skeletal warriors (D)
  3 deep trolls (D)
  2 glowing orange brains (D)
  2 cherubim (D)
  A naga ritualist (D)
  2 gelid demonspawn (D)
  A flayed ghost (D)
  6 swamp dragons (D)
  A shadow demon (D)
  2 wizards (D)
  11 orc knights (D)
  A wolf spider (D)
  2 ugly things (D)
  5 lindwurms (D)
  2 orc sorcerers (D)
  A salamander (D)
  A manticore (D)
  An elephant (D)
  Joseph (D)
  A naga mage (D)
  3 smoke demons (D)
  2 guardian serpents (D)
  2 gargoyles (D)
  3 hellions (D)
  4 orange demons (D)
  An eye of devastation (D)
  2 unseen horrors (D)
  2 demonic crawlers (D)
  6 tormentors (D)
  5 komodo dragons (D)
  6 guardian mummies (D)
  A yaktaur (D)
  4 rime drakes (D)
  3 red devils (D)
  2 hellwings (D)
  A polar bear (D)
  2 hornets (D)
  A jumping spider (D)
  2 trolls (D)
  A merfolk (shapeshifter) (D)
  A wandering mushroom (D)
  A tyrant leech (D)
  3 slime creatures (D)
  Grinder (D)
  Prince Ribbit (D)
  3 large abominations (D)
  A snapping turtle (D)
  4 blink frogs (D)
  A flying skull (D)
  A water elemental (D)
  4 redbacks (D)
  3 spriggans (D)
  2 tarantellas (D)
  8 wyverns (D)
  A shadow (D)
  2 ynoxinuls (D)
  4 basilisks (D)
  3 neqoxecs (D)
  5 steam dragons (D)
  2 chaos spawn (D)
  A small abomination (D)
  A warg (D)
  Duvessa (D)
  3 acid dragons (D)
  2 nagas (D)
  4 swamp drakes (D)
  An ice beast (D)
  2 floating eyes (D)
  2 orc warriors (D)
  2 necrophages (D)
  A centaur (D)
  7 ogres (D)
  A bullfrog (D)
  A scorpion (D)
  Dowan (D)
  A wight (D)
  A quasit (D)
  A jelly (D)
  5 orc priests (D)
  A hell rat (D)
  A gnoll (D)
  3 adders (D)
  2 river rats (D)
  A white imp (D)
  5 adder zombies (D)
  2 adder skeletons (D)
  A worm (D)
  2 adder simulacra (D)
  13 orcs (D)
  2 bat skeletons (D)
  4 bat zombies (D)
  A giant cockroach (D)
  2 jackals (D)
  A quokka (D)
  5 ball python simulacra (D)
  5 ball python skeletons (D)
  5 ball python zombies (D)
  A bat (D)
  A bat simulacrum (D)
  A frilled lizard (D)
  A giant cockroach simulacrum (D)
  3 jackal simulacra (D)
  3 jackal skeletons (D)
  A jackal zombie (D)
  A kobold (D)
  4 quokka skeletons (D)
  A quokka zombie (D)
  A ball lightning (D)
638 creatures vanquished.

Vanquished Creatures (collateral kills)
  A seraph (D)
  Boris (D)
  5 Orb Guardians (D)
  A shadow dragon (D)
  A draconian monk (D)
  A deep elf annihilator (D)
  A hellion (D)
  A yaktaur (D)
12 creatures vanquished.

Vanquished Creatures (others)
  An orange demon (D)
  2 slime creatures (D)
  14 ball lightnings (D)
17 creatures vanquished.

Grand Total: 667 creatures vanquished

Notes
Turn   | Place    | Note
-------+----------+-------------------------------------------
     0 | D        | rocky1 the Formicid Earth Elementalist began the quest for
                  | the Orb.
     0 | D        | Reached XP level 1. HP: 13/13 MP: 3/3
    22 | D        | Found a bloodstained altar of Trog.
    22 | D        | Found a shimmering blue altar of Sif Muna.
    22 | D        | Found a viscous altar of Jiyva.
    22 | D        | Found a hazy altar of Hepliaklqana.
    22 | D        | Found an opulent altar of Gozag.
    23 | D        | Found a glowing golden altar of the Shining One.
    23 | D        | Found a glowing silver altar of Zin.
    23 | D        | Found a basalt altar of Yredelemnul.
    23 | D        | Found a shimmering altar of Xom.
    23 | D        | Found an ornate altar of the Wu Jian Council.
    23 | D        | Found a sacrificial altar of Ru.
    23 | D        | Found a stormy altar of Qazlal.
    23 | D        | Found an iron altar of Okawaru.
    23 | D        | Found a sparkling altar of Nemelex Xobeh.
    23 | D        | Found a burning altar of Makhleb.
    23 | D        | Found a blossoming altar of Fedhas.
    23 | D        | Found a white marble altar of Elyvilon.
    23 | D        | Found a shadowy altar of Dithmenos.
    23 | D        | Found a snail-covered altar of Cheibriados.
    26 | D        | Found a corrupted altar of Lugonu.
    26 | D        | Found a radiant altar of Vehumet.
    27 | D        | Found an ancient bone altar of Kikubaaqudgha.
    27 | D        | Found a hide-covered altar of Uskayaw.
    27 | D        | Found a broken altar of Ashenzari.
    34 | D        | Became a worshipper of Cheibriados the Contemplative
    94 | D        | Reached * piety under Cheibriados
   115 | D        | Reached XP level 2. HP: 6/19 MP: 1/5
   118 | D        | Reached ** piety under Cheibriados
   119 | D        | Reached XP level 3. HP: 14/24 MP: 0/6
   478 | D        | Noticed Prince Ribbit
   482 | D        | Killed Prince Ribbit
   482 | D        | Reached *** piety under Cheibriados
   483 | D        | Reached XP level 4. HP: 13/30 MP: 3/7
   483 | D        | Reached XP level 5. HP: 16/35 MP: 3/8
   483 | D        | Reached XP level 6. HP: 18/41 MP: 3/9
   676 | D        | Learned a level 3 spell: Stone Arrow
   682 | D        | Learned a level 5 spell: Lee's Rapid Deconstruction
   844 | D        | Reached **** piety under Cheibriados
   878 | D        | Noticed Grinder
   880 | D        | Reached ***** piety under Cheibriados
   881 | D        | Reached skill level 5 in Spellcasting
   881 | D        | Reached XP level 7. HP: 46/46 MP: 2/15
   882 | D        | Killed Grinder
   883 | D        | Reached skill level 15 in Earth Magic
   997 | D        | Reached skill level 1 in Invocations
  1036 | D        | Noticed a spriggan
  1038 | D        | Killed a spriggan
  1039 | D        | Reached XP level 8. HP: 52/52 MP: 17/20
  1060 | D        | Learned a level 4 spell: Petrify
  1064 | D        | Reached skill level 5 in Stealth
  1064 | D        | Reached ****** piety under Cheibriados
  1121 | D        | Noticed a hornet
  1124 | D        | Killed a hornet
  1125 | D        | Reached skill level 5 in Invocations
  1567 | D        | Noticed a boulder beetle
  1568 | D        | Noticed an elephant
  1571 | D        | Killed a boulder beetle
  1571 | D        | Killed an elephant
  1572 | D        | Reached skill level 10 in Spellcasting
  1572 | D        | Reached XP level 9. HP: 57/57 MP: 1/23
  1723 | D        | Noticed a death yak
  1723 | D        | Noticed a two-headed ogre
  1723 | D        | Noticed a lindwurm
  1723 | D        | Noticed a deep troll
  1723 | D        | Noticed a gargoyle
  1730 | D        | Killed a lindwurm
  1730 | D        | Killed a two-headed ogre
  1731 | D        | Reached skill level 10 in Invocations
  1731 | D        | Reached XP level 10. HP: 54/63 MP: 16/25
  1734 | D        | Killed a deep troll
  1739 | D        | Killed a gargoyle
  1742 | D        | Killed a death yak
  2005 | D        | Noticed a demonic crawler
  2009 | D        | Killed a demonic crawler
  2010 | D        | Noticed a flayed ghost
  2012 | D        | Killed a flayed ghost
  2013 | D        | Reached XP level 11. HP: 66/68 MP: 0/27
  2015 | D        | Noticed a wizard
  2016 | D        | Noticed a vampire mage
  2019 | D        | Killed a wizard
  2024 | D        | Killed a vampire mage
  2150 | D        | Noticed Duvessa
  2150 | D        | Noticed Dowan
  2156 | D        | Killed Dowan
  2157 | D        | Killed Duvessa
  2293 | D        | Noticed an orc sorcerer
  2295 | D        | Killed an orc sorcerer
  2296 | D        | Reached skill level 1 in Fighting
  2296 | D        | Reached skill level 1 in Armour
  2410 | D        | Noticed Joseph
  2415 | D        | Killed Joseph
  2579 | D        | Noticed a swamp dragon
  2579 | D        | Noticed a shadow wraith
  2580 | D        | Noticed a six-headed hydra
  2585 | D        | Killed a swamp dragon
  2587 | D        | Killed a shadow wraith
  2588 | D        | Killed a six-headed hydra
  2589 | D        | Reached skill level 5 in Fighting
  2589 | D        | Reached skill level 5 in Armour
  2589 | D        | Reached XP level 12. HP: 42/86 MP: 5/29
  2589 | D        | Noticed an emperor scorpion
  2598 | D        | Reached skill level 5 in Dodging
  2603 | D        | Killed an emperor scorpion
  3105 | D        | Reached skill level 1 in Shields
  3105 | D        | Reached skill level 1 in Evocations
  3107 | D        | Reached skill level 1 in Staves
  3187 | D        | Noticed a swamp dragon
  3188 | D        | Killed a swamp dragon
  3228 | D        | Noticed a catoblepas
  3231 | D        | Killed a catoblepas
  3431 | D        | Noticed a vampire knight
  3435 | D        | Killed a vampire knight
  3588 | D        | Noticed Saint Roka
  3597 | D        | Killed Saint Roka
  3598 | D        | Reached skill level 5 in Staves
  3598 | D        | Reached skill level 15 in Spellcasting
  3598 | D        | Reached XP level 13. HP: 28/100 MP: 6/32
  3883 | D        | Got the Papyrus of Poisonous Clay
  4063 | D        | Noticed an ogre mage
  4065 | D        | Killed an ogre mage
  4071 | D        | Noticed a naga warrior
  4077 | D        | Killed a naga warrior
  4106 | D        | Reached skill level 10 in Armour
  4108 | D        | Noticed a merfolk javelineer
  4110 | D        | Killed a merfolk javelineer
  4111 | D        | Reached skill level 10 in Fighting
  4163 | D        | Noticed a deep elf death mage
  4167 | D        | Killed a deep elf death mage
  4434 | D        | Noticed an alligator snapping turtle
  4441 | D        | Killed an alligator snapping turtle
  4691 | D        | Noticed a rakshasa
  4700 | D        | Killed a rakshasa
  4799 | D        | Noticed a hell beast
  4805 | D        | Killed a hell beast
  4806 | D        | Reached XP level 14. HP: 92/113 MP: 23/33
  4811 | D        | Noticed a deep elf sorcerer
  4812 | D        | Killed a deep elf sorcerer
  4813 | D        | Reached skill level 10 in Dodging
  4813 | D        | Reached skill level 10 in Evocations
  4814 | D        | Noticed a deep elf annihilator
  4816 | D        | Killed a deep elf annihilator
  4816 | D        | Noticed a deep elf sorcerer
  4819 | D        | Killed a deep elf sorcerer
  4819 | D        | Killed a deep elf sorcerer
  4822 | D        | Noticed a deep elf sorcerer
  4823 | D        | Killed a deep elf sorcerer
  4823 | D        | Noticed a deep elf demonologist
  4824 | D        | Reached skill level 10 in Staves
  4824 | D        | Killed a deep elf demonologist
  4824 | D        | Killed a yellow draconian annihilator
  4827 | D        | Noticed a green draconian annihilator
  4828 | D        | Killed a green draconian annihilator
  4961 | D        | Noticed a lich
  4963 | D        | Killed a lich
  5053 | D        | Noticed a reaper
  5054 | D        | Noticed a white draconian
  5058 | D        | Killed a white draconian
  5058 | D        | Noticed a daeva
  5073 | D        | Killed a daeva
  5074 | D        | Reached XP level 15. HP: 34/124 MP: 15/36
  5143 | D        | Noticed a lich
  5145 | D        | Killed a lich
  5281 | D        | Killed a reaper
  5369 | D        | Noticed a lich
  5383 | D        | Killed a lich
  5449 | D        | Noticed a black draconian stormcaller
  5451 | D        | Killed a black draconian stormcaller
  5500 | D        | Got the Papyrus of Cold
  5515 | D        | Got the Papyrus of Ashen Poisoning
  5517 | D        | Got the Disquisition on Flamy Battle Magic
  5526 | D        | Got the Papyrus of Ghastly Transmutation
  5556 | D        | Got the ring "Xeno" {rN+ Str+4 Slay+5}
  5558 | D        | Got the ring of Free Will {Int+3 Dex+6}
  5560 | D        | Got the amulet of Cadimugy {RegenMP rC++ Stlth+}
  5562 | D        | Got the ring of Qossavucimn {+Blink rElec rN+ Str+5 Dex-2}
  5565 | D        | Got the amulet "Rischuniu" {Faith rElec}
  5567 | D        | Got the ring "Ypeaheas" {+Inv rElec rC+++ rCorr Str-2}
  5569 | D        | Got the amulet "Baox" {Faith Will- Dex+8 SInv Stlth+}
  5571 | D        | Got the amulet of Vanity {Spirit rPois rF+ Will+ Str+3}
  5573 | D        | Got the ring of Pufeke {MP+9 Slay+5}
  5575 | D        | Got the amulet "Tuolluz" {Spirit Will+ MP+9 Stlth-}
  5578 | D        | Got the amulet of Wogauv {Acrobat Slay+3}
  5580 | D        | Got the amulet "Dedeck" {Reflect rC- Int+3 Dex+4 SH+5
                  | Stlth+}
  5582 | D        | Got the ring "Cish" {rF+ AC+4}
  5586 | D        | Got the amulet "Lucvesui" {RegenMP Int+6}
  5617 | D        | Got the ring "Humawniu" {rPois rF+ Str+7 Int-4 Dex+4}
  5619 | D        | Got the ring of the Eagle {rN+ EV+6 Str+9 Dex-2 Stlth+}
  5621 | D        | Got the ring of Summer {Drain Str+5 Dex+6}
  5625 | D        | Got the ring "Lataa" {rC+ Slay+2}
  5628 | D        | Got the ring "Koreocao" {rF+ Str+6 Int+4 Slay-5 Stlth-}
  5630 | D        | Got the ring "Wofopue" {+Inv EV+6}
  5633 | D        | Got the ring "Buawid" {Fire rElec Str+2 Dex-4}
  5635 | D        | Got the ring "Gicw" {rC+++ rN+ AC+6 Str-3 Stlth+}
  5637 | D        | Got the ring of Doubts {Fire rElec rPois Str-2 Dex+4}
  5639 | D        | Got the ring of Maitywigg {Fly Dex+6}
  5641 | D        | Got the ring "Ycvinedy" {rC+ rN+ Dex+6 Slay+3}
  5644 | D        | Got the ring "Ycumo" {rC++ Will+ EV+6}
  5646 | D        | Got the ring "Zurchosoe" {rElec rC+ Int+6}
  5690 | D        | Learned a level 6 spell: Iron Shot
  5742 | D        | Reached skill level 1 in Conjurations
  5744 | D        | Reached skill level 5 in Shields
  5876 | D        | Noticed an orc warlord
  5880 | D        | Noticed an orc warlord
  5883 | D        | Killed an orc warlord
  5885 | D        | Killed an orc warlord
  6070 | D        | Reached skill level 5 in Conjurations
  6489 | D        | Noticed an emperor scorpion
  6496 | D        | Killed an emperor scorpion
  6497 | D        | Reached skill level 10 in Shields
  6497 | D        | Reached XP level 16. HP: 102/132 MP: 20/38
  6636 | D        | Noticed a nagaraja
  6637 | D        | Noticed a death cob
  6638 | D        | Noticed a death cob
  6642 | D        | Killed a nagaraja
  6642 | D        | Noticed a daeva
  6643 | D        | Killed a death cob
  6643 | D        | Noticed a deep elf master archer
  6643 | D        | Noticed a death cob
  6644 | D        | Reached skill level 15 in Evocations
  6644 | D        | Noticed Aizul
  6645 | D        | Killed a death cob
  6647 | D        | HP: 6/132 [daeva/divine providence (11)]
  6651 | D        | Killed a deep elf master archer
  6653 | D        | Killed Aizul
  6673 | D        | Noticed a nagaraja
  6700 | D        | HP: 5/132 [nagaraja/+0 spear (26)]
  6706 | D        | Killed a nagaraja
  6828 | D        | Killed a death cob
  6944 | D        | Reached skill level 10 in Conjurations
  7097 | D        | Noticed a profane servitor
  7101 | D        | Killed a profane servitor
  7104 | D        | Identified the +1 leather armour of a ziggurat {rF- Str+5}
  7107 | D        | Killed a daeva
  7116 | D        | Identified the +7 chain mail of Ymukk {rF+ Will+}
  7116 | D        | Identified the ring of Natzeb {rPois Will- Str+3 Slay+4}
  7392 | D        | Noticed a daeva
  7399 | D        | Killed a daeva
  7687 | D        | Noticed a daeva
  7696 | D        | Killed a daeva
  7991 | D        | Reached skill level 15 in Shields
  7991 | D        | Reached XP level 17. HP: 134/138 MP: 27/41
  8332 | D        | Reached skill level 5 in Long Blades
  8362 | D        | Noticed Teipugazi the pandemonium lord
  8380 | D        | HP: 6/138 [Teipugazi the pandemonium lord (10)]
  8394 | D        | Killed Teipugazi the pandemonium lord
  8398 | D        | Noticed a shadow dragon
  8815 | D        | Killed a shadow dragon
  9214 | D        | Noticed a golden dragon
  9217 | D        | Reached skill level 10 in Long Blades
  9312 | D        | Reached skill level 15 in Armour
  9319 | D        | Reached skill level 27 in Earth Magic
  9475 | D        | Killed a golden dragon
  9486 | D        | Reached XP level 18. HP: 145/145 MP: 27/44
  9612 | D        | Got Sif Muna's Guide on Nocuous Shape Shifting
  9623 | D        | Learned a level 7 spell: Orb of Destruction
  9630 | D        | Learned a level 6 spell: Statue Form
  9640 | D        | Learned a level 9 spell: Dragon's Call
  9649 | D        | Got a silver rune of Zot
  9787 | D        | Noticed Murray
  9789 | D        | Noticed an ancient lich
  9791 | D        | Killed Murray
  9791 | D        | Noticed Jory
  9792 | D        | Reached skill level 1 in Summonings
  9795 | D        | Killed an ancient lich
  9796 | D        | Reached skill level 15 in Stealth
  9809 | D        | Killed Jory
  9818 | D        | Noticed a titan
  9822 | D        | Reached skill level 15 in Conjurations
  9824 | D        | Killed a titan
  9826 | D        | Reached skill level 5 in Summonings
 10132 | D        | Noticed a Killer Klown
 10135 | D        | Killed a Killer Klown
 10136 | D        | Reached skill level 15 in Fighting
 10266 | D        | Noticed a titan
 10271 | D        | Killed a titan
 10326 | D        | Noticed a tentacled monstrosity
 10371 | D        | Killed a tentacled monstrosity
 10412 | D        | Reached skill level 15 in Dodging
 10472 | D        | Noticed a deep elf blademaster
 10476 | D        | Killed a deep elf blademaster
 10514 | D        | Noticed a titan
 10517 | D        | Killed a titan
 10537 | D        | Noticed a Brimstone Fiend
 10555 | D        | Killed a Brimstone Fiend
 10580 | D        | Reached XP level 19. HP: 66/157 MP: 12/46
 11019 | D        | Noticed an ancient lich
 11020 | D        | Noticed Antaeus
 11037 | D        | Killed an ancient lich
 11038 | D        | Reached skill level 10 in Summonings
 11090 | D        | Got the ring "Nioxeige" {AC+4 Str+3}
 11092 | D        | Got the ring "Cujuax" {rN++ EV+4 Dex+4}
 11094 | D        | Got the ring of Assoutt {rPois rN+++ rCorr Str-5 Dex-3}
 11096 | D        | Got the ring "Tizxy" {rF+ rC+}
 11098 | D        | Got the amulet "Lithi" {RegenMP Fly rElec Dex+5}
 11100 | D        | Got the amulet of Xususauv {Spirit rC+}
 11102 | D        | Got the ring of Mistrust {rN++ MP+9}
 11121 | D        | Got the ring "Tefediki" {rF+ rN+ Int+4}
 11223 | D        | Killed Antaeus
 11662 | D        | Found the +4 staff of Dispater
 11662 | D        | Noticed Dispater
 11678 | D        | Noticed a Hell Sentinel
 11699 | D        | HP: 3/161 [Dispater/damnation (35)]
 11701 | D        | Killed Dispater
 12066 | D        | Noticed a pearl dragon
 12076 | D        | Killed a pearl dragon
 12266 | D        | Noticed Ycvawk the pandemonium lord
 12289 | D        | Killed Ycvawk the pandemonium lord
 12627 | D        | Noticed a Killer Klown
 12627 | D        | Noticed a lich
 12631 | D        | Killed a Killer Klown
 12632 | D        | Reached XP level 20. HP: 160/174 MP: 5/47
 12882 | D        | Noticed a Hell Sentinel
 12893 | D        | Killed a Hell Sentinel
 13066 | D        | Noticed a tentacled monstrosity
 13071 | D        | Killed a tentacled monstrosity
 13079 | D        | Reached skill level 15 in Summonings
 13094 | D        | Noticed Margery
 13101 | D        | Killed Margery
 13110 | D        | Noticed an ancient lich
 13115 | D        | Killed an ancient lich
 13278 | D        | Noticed Louise
 13286 | D        | Killed Louise
 13290 | D        | Noticed the 27-headed Lernaean hydra
 13298 | D        | Killed the 27-headed Lernaean hydra
 13399 | D        | Noticed an ancient lich
 13413 | D        | Killed an ancient lich
 13417 | D        | Noticed a Tzitzimitl
 13431 | D        | Killed a Tzitzimitl
 13543 | D        | Noticed a Tzitzimitl
 13551 | D        | Killed a Tzitzimitl
 13603 | D        | Noticed an Ice Fiend
 13609 | D        | Killed an Ice Fiend
 13612 | D        | Noticed a royal mummy
 13612 | D        | Noticed an orb of fire
 13750 | D        | Noticed a bone dragon
 13751 | D        | Noticed an electric golem
 13763 | D        | Killed a bone dragon
 13772 | D        | Killed an electric golem
 13908 | D        | Noticed Frederick
 13913 | D        | Reached XP level 21. HP: 190/190 MP: 38/48
 13916 | D        | Killed Frederick
 13965 | D        | Acquired a scarf of repulsion
 14056 | D        | Noticed an ancient lich
 14065 | D        | Killed an ancient lich
 14175 | D        | Noticed an electric golem
 14178 | D        | Killed an electric golem
 14181 | D        | Noticed a Tzitzimitl
 14186 | D        | Killed a Tzitzimitl
 14191 | D        | Found the +4 dragonskin cloak
 14191 | D        | Noticed Tiamat
 14218 | D        | Killed Tiamat
 14463 | D        | Noticed Nikola
 14463 | D        | Noticed Dissolution
 14463 | D        | Noticed a Brimstone Fiend
 14468 | D        | Killed a Brimstone Fiend
 14468 | D        | Killed Nikola
 14468 | D        | Noticed a Brimstone Fiend
 14472 | D        | Killed Dissolution
 14476 | D        | Killed a Brimstone Fiend
 14717 | D        | Noticed a pearl dragon
 14724 | D        | Killed a pearl dragon
 14732 | D        | Got the ring of Jadaon {rPois rN+ Will- Dex+6}
 14738 | D        | Got the ring "Mosie" {rC+ rN++ MP+9 Str-4 Slay+4}
 14750 | D        | Got an iron rune of Zot
 14785 | D        | Got the +5 triple sword "Koarucuk" {flame, rN+ Str+6
                  | Stlth+}
 14788 | D        | Got the +2 pair of gloves of the Sun {rPois rC+++ Will++
                  | Str-2}
 14843 | D        | Got the ring of Oduirr {rF++ Will+ Int-3}
 14846 | D        | Got the amulet of Kuxyga {rElec Regen+}
 14849 | D        | Got the ring "Lujim" {rElec Str-2 Int+5 SInv}
 14853 | D        | Got the ring of Weig {rC+ Will+ EV+4 Int+4}
 14855 | D        | Got the ring of the Good {rElec SInv}
 14859 | D        | Got the ring of Recklessness {rPois rF++ Str+6 Int+4 Dex-5}
 14864 | D        | Got the +7 lajatang of Onwucit {holy, rN+ Str+2}
 14888 | D        | Got the +9 demon blade "Cojybow" {drain, rC+ Str+2 Int+3
                  | Dex+4}
 14957 | D        | Gained mutation: You are clumsy. (Dex -2) [an orb of fire]
 14963 | D        | Killed an orb of fire
 14964 | D        | Reached skill level 27 in Shields
 14983 | D        | Killed a royal mummy
 14984 | D        | Reached XP level 22. HP: 94/206 MP: 50/50
 15523 | D        | Noticed an ancient lich
 15523 | D        | Noticed an ancient lich
 15523 | D        | Noticed an ancient lich
 15523 | D        | Noticed a royal mummy
 15523 | D        | Noticed a bone dragon
 15525 | D        | Noticed a bone dragon
 15526 | D        | Noticed a royal mummy
 15530 | D        | Noticed an ancient lich
 15546 | D        | Killed an ancient lich
 15548 | D        | HP: 10/207 [ancient lich/crystal spear (85)]
 15555 | D        | Killed an ancient lich
 15555 | D        | Killed an ancient lich
 15555 | D        | Killed an ancient lich
 15556 | D        | Reached skill level 15 in Long Blades
 15556 | D        | Reached skill level 27 in Armour
 15837 | D        | Noticed a bone dragon
 15843 | D        | Identified the +7 whip of Due Proportion {vorpal, Str+6}
 15853 | D        | Killed a royal mummy
 15867 | D        | Identified the ring of Joezxori {+Inv Dex+2 SInv}
 15883 | D        | Killed a bone dragon
 15934 | D        | Killed a royal mummy
 16227 | D        | Noticed an ancient lich
 16234 | D        | Killed an ancient lich
 16235 | D        | Reached skill level 27 in Fighting
 16241 | D        | Noticed a bone dragon
 16249 | D        | Killed a bone dragon
 16404 | D        | Noticed a bone dragon
 16416 | D        | Killed a bone dragon
 16419 | D        | Noticed a royal mummy
 16496 | D        | Reached XP level 23. HP: 219/219 MP: 53/53
 16549 | D        | Killed a royal mummy
 16829 | D        | Noticed an ancient lich
 16845 | D        | Killed an ancient lich
 16846 | D        | Reached skill level 27 in Spellcasting
 16888 | D        | Got a golden rune of Zot
 16948 | D        | Learned a level 6 spell: Shadow Creatures
 16954 | D        | Learned a level 5 spell: Manifold Assault
 17385 | D        | Noticed Xtahua
 17386 | D        | Reached skill level 5 in Translocations
 17395 | D        | Noticed Xat Dub the pandemonium lord
 17396 | D        | Reached skill level 27 in Evocations
 17399 | D        | Killed Xtahua
 17405 | D        | Noticed Boris
 17411 | D        | Killed Xat Dub the pandemonium lord
 17413 | D        | Killed Boris
 17676 | D        | Noticed Gloorx Vloq
 17685 | D        | Reached skill level 10 in Translocations
 17696 | D        | Killed Gloorx Vloq
 17699 | D        | Noticed an ancient lich
 17704 | D        | Killed an ancient lich
 17705 | D        | Reached XP level 24. HP: 54/227 MP: 16/54
 17709 | D        | Reached skill level 27 in Dodging
 18122 | D        | Noticed a royal mummy
 18131 | D        | Reached skill level 27 in Summonings
 18131 | D        | Lost mutation: You are clumsy. (Dex -2) [a cacodemon]
 18140 | D        | Killed a royal mummy
 18446 | D        | Reached skill level 15 in Translocations
 18524 | D        | Noticed an ancient lich
 18531 | D        | Killed an ancient lich
 18537 | D        | Noticed Biq Giede the pandemonium lord
 18538 | D        | Noticed Ignacio
 18538 | D        | Noticed a Killer Klown
 18543 | D        | Killed Ignacio
 18544 | D        | Killed Biq Giede the pandemonium lord
 18544 | D        | Killed a Killer Klown
 18549 | D        | Noticed the Royal Jelly
 18994 | D        | Noticed Mennas
 18996 | D        | Killed the Royal Jelly
 18997 | D        | Reached XP level 25. HP: 172/234 MP: 40/54
 19037 | D        | Killed Mennas
 19040 | D        | Reached skill level 27 in Long Blades
 19504 | D        | Got the Orb of Zot
 20137 | D        | Reached skill level 27 in Stealth
 20469 | D        | Noticed a seraph
 20477 | D        | Killed a seraph
 20478 | D        | Reached skill level 27 in Conjurations
 20882 | D        | Reached skill level 15 in Staves
 20898 | D        | Noticed Retur the pandemonium lord
 20903 | D        | Killed Retur the pandemonium lord
 20933 | D        | Noticed Labruebbe the pandemonium lord
 20947 | D        | Killed Labruebbe the pandemonium lord
 21028 | D        | Gained mutation: Your spells are a little easier to cast,
                  | but a little less powerful. [a neqoxec]
 21032 | D        | Lost mutation: Your spells are a little easier to cast, but
                  | a little less powerful. [potion of mutation]
 21032 | D        | Gained mutation: Your muscles are strong. (Str +2) [potion
                  | of mutation]
 21032 | D        | Gained mutation: Your flesh is heat resistant. (rF+)
                  | [potion of mutation]
 21032 | D        | Gained mutation: You are clumsy. (Dex -2) [potion of
                  | mutation]
 21032 | D        | Gained mutation: You expend magic power (3 MP) to
                  | strengthen your wands. [potion of mutation]
 21289 | D        | Noticed Jiezoin the pandemonium lord
 21329 | D        | Killed Jiezoin the pandemonium lord
 21391 | D        | Reached XP level 26. HP: 77/242 MP: 54/54
 21847 | D        | Reached skill level 27 in Translocations
 22077 | D        | Gained mutation: You occasionally shout uncontrollably at
                  | your foes. [a neqoxec]
 22087 | D        | Lost mutation: Your flesh is heat resistant. (rF+) [potion
                  | of mutation]
 22087 | D        | Lost mutation: You are clumsy. (Dex -2) [potion of
                  | mutation]
 22087 | D        | Lost mutation: Your muscles are strong. (Str +2) [potion of
                  | mutation]
 22087 | D        | Lost mutation: You expend magic power (3 MP) to strengthen
                  | your wands. [potion of mutation]
 22087 | D        | Gained mutation: You sometimes lose the ability to read
                  | scrolls when taking damage. [potion of mutation]
 22087 | D        | Gained mutation: You have sharp fingernails. [potion of
                  | mutation]
 22088 | D        | Lost mutation: You have sharp fingernails. [potion of
                  | mutation]
 22088 | D        | Lost mutation: You sometimes lose the ability to read
                  | scrolls when taking damage. [potion of mutation]
 22088 | D        | Gained mutation: You frequently scream uncontrollably at
                  | your foes. [potion of mutation]
 22088 | D        | Gained mutation: Your mind is acute. (Int +2) [potion of
                  | mutation]
 22088 | D        | Gained mutation: You are somewhat resistant to further
                  | mutation. [potion of mutation]
 22089 | D        | Lost mutation: You frequently scream uncontrollably at your
                  | foes. [potion of mutation]
 22089 | D        | Lost mutation: You occasionally shout uncontrollably at
                  | your foes. [potion of mutation]
 22089 | D        | Lost mutation: Your mind is acute. (Int +2) [potion of
                  | mutation]
 22089 | D        | Gained mutation: You expend magic power (3 MP) to
                  | strengthen your wands. [potion of mutation]
 22209 | D        | Escaped with the Orb!

Illustrated notes

Levels and vault maps discovered:
D:        pitsprint [storerooms_1, entrance_room_1, metal_vault_3, armoury_1,
          mini_pit_1, grid_room_1, main_hall_1, silver_pit, the_coven_1,
          the_vestibule_1, steel_vault_2, golden_pit, hallway_of_sentries,
          crystal_vault_1, iron_vault_2, final_vault]

Skill      XL: |  1  2  3  4  5  6  7  8  9 10 11 12 13 14 15 16 17 18 19 20 21 22 23 24 25 26 |
---------------+-------------------------------------------------------------------------------+-----
Earth Magic    | 6 7 13 14 15 17 18 19 20 21 22 24 25 27 | 27.0
Spellcasting   | 5 8 10 11 12 13 15 17 18 20 22 23 24 26 27 | 27.0
Stealth        | 4 9 11 13 14 17 19 24 27 | 27.0
Invocations    | 3 8 10 12 13 | 13.0
Fighting       | 5 8 11 13 16 19 22 25 27 | 27.0
Armour         | 5 8 11 13 15 17 20 23 26 27 | 27.0
Dodging        | 4 7 9 11 12 13 15 17 20 22 24 26 27 | 27.0
Shields        | 2 10 15 17 20 24 27 | 27.0
Evocations     | 6 9 11 14 17 19 21 22 23 25 27 | 27.0
Staves         | 5 8 11 12 19 22 | 22.3
Conjurations   | 7 11 14 16 17 18 21 25 27 | 27.0
Long Blades    | 2 13 14 18 22 26 27 | 27.0
Summonings     | 8 13 18 21 23 26 27 | 27.0
Translocations | 11 19 26 27 | 27.0
Transmutations | |  1.3

Action                   |  1- 3 |  4- 6 |  7- 9 | 10-12 | 13-15 | 16-18 | 19-21 | 22-24 | 25-27 || total
-------------------------+-------+-------+-------+-------+-------+-------+-------+-------+-------++-------
Melee: Falchion          |     6 |       |       |       |       |       |       |       |       ||     6
       Lajatang          |       |       |       |     4 |       |       |       |       |       ||     4
       Staff             |       |       |       |     2 |    42 |    78 |   167 |    54 |    30 ||   373
       Eudemon blade     |       |       |       |       |       |    18 |    97 |    39 |       ||   154
       Demon blade       |       |       |       |       |       |       |    29 |    13 |       ||    42
       Double sword      |       |       |       |       |       |       |       |   123 |   119 ||   242
       Triple sword      |       |       |       |       |       |       |       |       |   188 ||   188
 Cast: Sandblast         |    10 |     3 |     3 |     1 |     8 |    13 |     2 |       |       ||    40
       Lee's Rapid Decon |       |     2 |    10 |    61 |   102 |   115 |    46 |    68 |     2 ||   406
       Stone Arrow       |       |       |     1 |       |       |     3 |       |       |       ||     4
       Iron Shot         |       |       |       |       |       |    25 |     7 |     4 |       ||    36
       Orb of Destructio |       |       |       |       |       |     8 |     5 |     1 |       ||    14
       Statue Form       |       |       |       |       |       |     1 |    11 |       |       ||    12
       Dragon's Call     |       |       |       |       |       |       |       |     2 |     1 ||     3
       Manifold Assault  |       |       |       |       |       |       |       |       |     3 ||     3
Invok: Slouch            |       |       |       |     1 |     1 |     3 |       |    12 |     6 ||    23
       Step From Time    |       |       |       |       |       |     1 |     1 |     1 |       ||     3
 Abil: Dig               |       |       |       |       |       |     1 |       |       |       ||     1
Evoke: Condenser vane    |       |       |       |       |       |     2 |     1 |     1 |       ||     4
       Wand              |       |       |       |       |       |     2 |       |       |       ||     2
       Phial of floods   |       |       |       |       |       |       |     1 |       |       ||     1
  Use: Potion            |     1 |       |       |     8 |     4 |    18 |     8 |    15 |     9 ||    63
       Scroll            |       |       |       |       |       |     7 |     2 |     7 |     5 ||    21
 Stab: Distracted        |       |       |       |     1 |     4 |     1 |       |     4 |     1 ||    11
       Sleeping          |       |       |       |       |     1 |       |    16 |     1 |       ||    18
Armor: Robe              |     1 |       |       |       |       |     5 |       |       |       ||     6
       Ring mail         |       |       |     3 |    17 |     6 |       |       |       |       ||    26
       Chain mail        |       |       |       |       |       |    11 |    30 |    58 |    42 ||   141
       Skin              |       |       |       |       |       |     5 |    59 |       |       ||    64
Dodge: Dodged            |    10 |     1 |    11 |    37 |    41 |    63 |   148 |   159 |   130 ||   600
       Repelled          |       |       |       |       |       |       |     4 |       |       ||     4
Block: Buckler           |       |       |       |     2 |     6 |    13 |       |       |       ||    21
       Tower shield      |       |       |       |       |       |    97 |   272 |   390 |   495 ||  1254
       Rpst.: Falchion   |     1 |       |     2 |       |       |       |       |       |       ||     3
       Eudemon blade     |       |       |       |       |       |     1 |     6 |     2 |       ||     9
       Demon blade       |       |       |       |       |       |       |     1 |       |       ||     1
       Double sword      |       |       |       |       |       |       |       |    25 |     5 ||    30
       Triple sword      |       |       |       |       |       |       |       |       |     7 ||     7

Table legend: (Time is in decaauts) A = Elapsed time spent in this place. B = Non-inter-level travel time spent in this place. C = Inter-level travel time spent in this place. D = Time resting spent in this place. E = Time spent auto-exploring this place. F = Levels seen in this place. G = Mean time per level. A B C D E F G +--------+--------+--------+--------+--------+-----+--------+ Total | 27899 | 26882 | 1017 | 14007 | 122 | 1 | 27899.0 | Dungeon | 27899 | 26882 | 1017 | 14007 | 122 | 1 | 27899.0 | +--------+--------+--------+--------+--------+-----+--------+

Top non-repeatable levels by time:
       D: 27899 daAuts
